 Dungeon Crawl Stone Soup version 0.31-a0-986-g5e6e4ef867 (webtiles) character file.

Game seed: 17418546287631898304

640 wildpjah the Chopper (level 7, -3/61 HPs)
             Began as a Minotaur Fighter on Nov 18, 2023.
             Slain by Pikel
             ... wielding a +0 whip of freezing
              (4 damage)
             ... on level 5 of the Dungeon.
             The game lasted 00:05:08 (3408 turns).

wildpjah the Chopper (Minotaur Fighter)             Turns: 3408, Time: 00:05:09

Health: -3/61      AC: 12    Str: 21    XL:     7   Next: 26%
Magic:  6/6        EV:  8    Int:  5    God:
Gold:   174        SH:  5    Dex: 11    Spells: 6/6 levels left

rFire   . . .        a - +0 war axe
rCold   . . .        c - +0 buckler
rNeg    . . .        m - +3 chain mail {rPois}
rPois   +            (helmet restricted)
rElec   .            (no cloak)
rCorr   +            (no gloves)
SInv    .            (no boots)
Will    .....        (no amulet) Stlth
                     e - ring of resist corrosion
HPRegen 0.30/turn    (no ring)
MPRegen 0.10/turn

%: no passive effects
@: mighty, weakened
A: horns 2, retaliatory headbutt
a: no special abilities


You were on level 5 of the Dungeon.
You visited 1 branch of the dungeon, and saw 5 of its levels.

You collected 174 gold pieces.

Inventory:

Hand Weapons
 a - a +0 war axe (weapon)
Armour
 b - a +0 scale mail
 c - a +0 buckler (worn)
 m - a +3 chain mail of poison resistance (worn)
Jewellery
 e - a ring of resist corrosion (left hand)
 p - a +6 ring of strength
Wands
 o - a wand of charming (9)
Scrolls
 f - 6 scrolls of teleportation {unknown}
 i - 2 scrolls of identify {unknown}
 j - 3 scrolls of revelation {unknown}
 l - 2 scrolls of fear {unknown}
 n - a scroll of enchant weapon {unknown}
 q - a scroll of immolation {unknown}
 r - a scroll of poison {unknown}
Potions
 d - a potion of might
 g - 5 potions of degeneration {unknown}
 h - 2 potions of mutation {unknown}
 k - a potion of lignification {unknown}
 s - a potion of curing {unknown}


   Skills:
 + Level 5.6 Fighting
 + Level 6.7 Axes
 + Level 4.9 Armour
 + Level 2.6 Dodging
 + Level 0.3 Stealth
 + Level 4.6 Shields


You had 6 spell levels left.
You didn't know any spells.
Your spell library contained the following spells:

 Spells                   Type           Power      Damage    Failure   Level
 Static Discharge         Conj/Air       0%         3-3/arc   100%        2
 Airstrike                Air            0%         2d(0-16)  100%        4
 Summon Ice Beast         Ice/Summ       0%         N/A       100%        4
 Summon Lightning Spire   Summ/Air       0%         N/A       100%        4
 Summon Mana Viper        Hex/Summ       0%         N/A       100%        5
 Monstrous Menagerie      Summ           0%         N/A       100%        7


Dungeon Overview and Level Annotations

Branches:
Dungeon (5/15)
 Temple: D:4-7

Altars:
Fedhas
Uskayaw
Xom
The Shining One

Shops:
D:3 (

Annotations:
D:3 Natasha
D:5 Blork the orc, Pikel


Innate Abilities, Weirdness & Mutations

You have a pair of horns on your head.
You reflexively headbutt those who attack you in melee.


Message History

You kill the gnoll!
The lemure barely misses you.
A sleepcap comes into view.
The gnoll hits you but does no damage. x2
Blork the orc hits you from afar with a +0 halberd.
Pikel zaps a wand.
The puff of flame misses you. The lemure hits you but does no damage.
The gnoll hits you from afar with a +0 spear.
The lemure barely misses you.
Blork the orc hits you but does no damage.
You miss Pikel. You headbutt Pikel!
Pikel is moderately wounded.
You slash the lemure! You barely miss the lemure.
Your attacks no longer feel as feeble.
Blork the orc hits you from afar with a +0 halberd.
You block the gnoll's attack. The lemure hits you. Pikel barely misses you.
You furiously retaliate!
You headbutt Pikel! The lemure hits you!
* * * LOW HITPOINT WARNING * * *
The gnoll bouda gazes fiercely through you!
You feel your attacks grow feeble.
You barely miss Pikel.
Pikel is heavily wounded.
You closely miss the lemure. You hit the lemure. x2
Blork the orc hits you but does no damage.
The lemure hits you but does no damage. The gnoll hits you but does no damage.
The lemure hits you.
* * * LOW HITPOINT WARNING * * *
Pikel hits you but does no damage. The lemure hits you.
* * * LOW HITPOINT WARNING * * *
You barely miss Pikel. Your headbutt misses Pikel.
Pikel is heavily wounded.
You barely miss the lemure. You hit the lemure. x2
Blork the orc mumbles some strange words.
Blork the orc seems to speed up.
The gnoll hits you from afar with a +0 spear!
* * * LOW HITPOINT WARNING * * *
The lemure hits you but does no damage. The lemure closely misses you.
Pikel hits you with a +0 whip of freezing.
You die...
Pikel says, "See you in Hell!"

#..#####..###
........#
#.....###...#
......).#
##.##.#####..
........#
#.##...#####
........# ..####...#
# >.>.f...# #.##
###.###
.....ggh####.# #..##
....go555....# ##...
#..gg5K@....# ####
#...#######.#######
#.. # ##.......####.#
...####....###..##..#
#...........##.#..##
######.#.....#...###
#..###.####..... #)##
## ##.### ##.# #.#


You could see Pikel, Blork the orc (fast), 4 lemures, a sleepcap, a gnoll bouda,
a hound and 4 gnolls.

Vanquished Creatures
  2 ogres
  A centaur (D:5)
  A scorpion (D:5)
  A hound (D:5)
  2 iguanas
  Terence (D:3)
  A sleepcap (D:4)
  5 gnolls
  7 adders
  2 worms
  3 dart slugs
  7 orcs (D:3)
  6 endoplasms
  A giant cockroach (D:2)
  4 goblins
  5 hobgoblins
  2 jackals (D:2)
  6 kobolds
  A quokka (D:1)
  6 ball pythons
  3 bats
  3 frilled lizards
  4 rats
74 creatures vanquished.

Notes
Turn   | Place    | Note
-------+----------+-------------------------------------------
     0 | D:1      | wildpjah the Minotaur Fighter began the quest for the Orb.
     0 | D:1      | Reached XP level 1. HP: 19/19 MP: 0/0
   333 | D:1      | Reached XP level 2. HP: 25/27 MP: 1/1
   785 | D:2      | Reached skill level 3 in Axes
   785 | D:2      | Reached skill level 1 in Dodging
   785 | D:2      | Reached XP level 3. HP: 32/33 MP: 2/2
  1155 | D:2      | Found a faded altar of an unknown god.
  1727 | D:3      | Noticed Terence
  1745 | D:3      | Killed Terence
  1746 | D:3      | Reached XP level 4. HP: 12/40 MP: 3/3
  1989 | D:3      | Reached skill level 4 in Axes
  1992 | D:3      | Reached XP level 5. HP: 14/47 MP: 4/4
  2205 | D:3      | Found a shimmering altar of Xom.
  2282 | D:3      | Noticed Natasha
  2308 | D:3      | Reached skill level 5 in Fighting
  2347 | D:3      | Found Enkuz's Antique Weapon Boutique.
  2376 | D:3      | Found a faded altar of an unknown god.
  2383 | D:3      | Found a blossoming altar of Fedhas.
  2593 | D:4      | Found a hide-covered altar of Uskayaw.
  2607 | D:4      | Found a glowing golden altar of the Shining One.
  2674 | D:4      | Noticed an ogre
  2682 | D:4      | Killed an ogre
  2683 | D:4      | Reached skill level 5 in Axes
  2683 | D:4      | Reached XP level 6. HP: 42/56 MP: 5/5
  2854 | D:4      | You fall into a shaft and drop 1 floor!
  2854 | D:5      | Entered Level 5 of the Dungeon
  2979 | D:5      | Reached skill level 6 in Axes
  3073 | D:5      | Reached XP level 7. HP: 20/61 MP: 6/6
  3397 | D:5      | Noticed Blork the orc
  3398 | D:5      | Noticed Pikel
  3408 | D:5      | HP: 1/61 [gnoll/+0 spear[a gnoll bouda] (8)]
  3408 | D:5      | Slain by Pikel

Illustrated notes

Levels and vault maps discovered:
D:1:      denvon_arrival_planthouse, layout_basic
D:2:      layout_basic, shapermc_ecumenical_altar_mp_urbaneastern,
          interstate_on_off, chequers_serial_rivers_marsh
D:3:      layout_rooms, nicolae_overflow_ecumenical_swirl,
          mainiacjoe_overflow_chevrons, serial_shops,
          nicolae_shop_back_alley_shop, uniq_natasha, uniq_terence
D:4:      layout_loops_ring, nicolae_uskayaw_murder_on_the_dancefloor,
          mainiacjoe_overflow_catwalk_spiral, chequers_serial_rivers_small_3
D:5:      layout_rooms, amethyst_overflow_temple_binary, uniq_blork_the_orc,
          uniq_pikel

Skill      XL: |  1  2  3  4  5  6 |
---------------+-------------------+-----
Shields        | 4 |  4.6
Fighting       | 4 5 |  5.6
Axes           | 3 4 5 6 |  6.7
Dodging        | 1 2 |  2.6
Armour         | 4 |  4.9
Stealth        | |  0.3

Action                     |  1- 3 |  4- 6 |  7- 9 || total
---------------------------+-------+-------+-------++-------
  Melee: War axe           |    88 |    91 |    13 ||   192
         Headbutt          |    15 |    18 |     2 ||    35
    Use: Potion            |       |       |     1 ||     1
 Armour: Scale mail        |    62 |       |       ||    62
         Chain mail        |       |    76 |    31 ||   107
  Dodge: Dodged            |    34 |    44 |    10 ||    88
  Block: Buckler           |    16 |    25 |     5 ||    46

Table legend: (Time is in decaauts)
 A = Elapsed time spent in this place.
 B = Non-inter-level travel time spent in this place.
 C = Inter-level travel time spent in this place.
 D = Time resting spent in this place.
 E = Time spent auto-exploring this place.
 F = Levels seen in this place.
 G = Mean time per level.
                   A        B        C        D        E       F      G
               +--------+--------+--------+--------+--------+-----+--------+
         Total |   3474 |   3408 |     66 |      0 |   2889 |   5 |  694.8 |
       Dungeon |   3474 |   3408 |     66 |      0 |   2889 |   5 |  694.8 |
               +--------+--------+--------+--------+--------+-----+--------+

Top non-repeatable levels by time:
     D:2: 884 daAuts
     D:3: 843 daAuts
     D:1: 785 daAuts
     D:5: 560 daAuts
     D:4: 401 daAuts
